 Dungeon Crawl Stone Soup version 0.31-a0-220-gc2f4f3cf83 (webtiles) character file.

Game seed: 16614236990847141282

169 qw the Chopper (level 5, -2/32 HPs)
             Began as a Gargoyle Fighter on July 3, 2023.
             Killed by divine providence
             ... invoked by an orc priest
              (11 damage)
             ... on level 3 of the Dungeon.
             The game lasted 00:00:54 (1647 turns).

qw the Chopper (Gargoyle Fighter)                   Turns: 1647, Time: 00:00:54

Health: -2/32      AC: 18    Str: 32    XL:     5   Next: 50%
Magic:  5/5        EV:  7    Int:  8    God:
Gold:   145        SH:  4    Dex:  9    Spells: 4/4 levels left

rFire   . . .        Y - +1 war axe
rCold   + . .        c - +0 buckler
rNeg    + + .        i - +0 plate armour
rPois   inf          (no helmet)
rElec   +            b - +2 cloak "Eqiygh" {rN+ Will- Str+4}
rCorr   .            (no gloves)
SInv    .            (no boots)
Will    .....        (no amulet) Stlth
                     q - ring of protection from cold
HPRegen 0.25/turn    j - +6 ring of strength
MPRegen 0.09/turn

%: no passive effects
@: no status effects
A: sickness immunity, AC +4, negative energy resistance 1, electricity
resistance, torment resistance 1, petrification resistance
a: no special abilities


You were on level 3 of the Dungeon.
You visited 1 branch of the dungeon, and saw 3 of its levels.

You collected 145 gold pieces.


Innate Abilities, Weirdness & Mutations

You are immune to sickness and miasma.
Your stone body is resilient. (AC +4)
You are immune to poison.
You resist negative energy. (rN+)
You are resistant to electric shocks. (rElec)
You are resistant to unholy torment.
You are immune to petrification.


   Skills:
 - Level 3.2 Fighting
 + Level 4.8 Axes
 - Level 1.1 Throwing
 - Level 3.2 Armour
 - Level 3.2 Shields


You had 4 spell levels left.
You didn't know any spells.
Your spell library was empty.

Inventory:

Hand Weapons
 h - a +0 club
 Y - a +1 war axe (weapon)
Missiles
 n - 3 silver boomerangs
Armour
 b - the +2 cloak "Eqiygh" (worn) {rN+ Will- Str+4}
   (You found it on level 3 of the Dungeon)

   Str:       It affects your strength (+4).
   rN:        It protects you from negative energy.
   Will:      It decreases your willpower.
 c - a +0 buckler (worn)
 i - a +0 plate armour (worn)
Jewellery
 a - a ring of willpower
 j - a +6 ring of strength (right hand)
 q - a ring of protection from cold (left hand)
Scrolls
 f - a scroll of identify
Potions
 d - a potion of might
 g - a potion of curing
 k - a potion of haste
 p - a potion of cancellation

Dungeon Overview and Level Annotations

Branches:
Dungeon (3/15)

Altars:


Message History

The rat bites you but does no damage.
You slash the rat!
You kill the rat!
An orc priest comes into view. It is wielding a +0 trident.
The orc priest shouts!
The orc priest begins to cast a cantrip, but forgets the words! 2 orcs come into view.
The orc shouts! x2
The orc drinks a potion.
The orc seems to speed up.
The orc priest calls down the wrath of Beogh upon you.
Beogh smites you!
A goblin comes into view. It is wielding a +0 dagger.
The orc priest mumbles some strange prayers to Beogh against you.
Beogh smites you!
The goblin shouts!
You hit the orc.
The orc is lightly wounded.
The orc hits you with a +0 hand axe. The orc hits you but does no damage.
You hit the orc.
The orc is heavily wounded.
The orc hits you but does no damage. You block the orc's attack.
You closely miss the orc.
The orc is heavily wounded.
You block the orc's attack. The orc hits you but does no damage.
You hit the orc.
You kill the orc!
You slash the orc!
You kill the orc!
The orc priest hits you but does no damage.
The goblin hits you but does no damage.
The orc priest hits you from afar with a +0 trident.
You barely miss the goblin. The goblin hits you but does no damage.
The orc priest closely misses you.
You barely miss the goblin. The orc priest barely misses you.
The goblin barely misses you.
You slash the goblin!
You kill the goblin!
The orc priest mumbles some strange prayers to Beogh against you.
Beogh smites you!
You die...

........# ........#
........# ........# ###
........# ..# ........#
#.# ........####.#
...........#.########...
....######.#....@)o..(..
.........#...####)......
##.......###....+.....[.
.........# ######.......
##.......####### .......
#.............# ####.(.
#.............# ...
#.............# ..
#.............#


You could see an orc priest.

Vanquished Creatures
  A scorpion (D:3)
  3 adders
  3 gnolls (D:3)
  A worm (D:2)
  2 orcs (D:3)
  6 ball pythons
  6 endoplasms
  4 goblins
  4 hobgoblins
  4 jackals (D:1)
  2 kobolds (D:1)
  2 quokkas
  4 bats
  A frilled lizard (D:2)
  4 rats
47 creatures vanquished.

Notes
Turn   | Place    | Note
-------+----------+-------------------------------------------
     0 | D:1      | qw the Gargoyle Fighter began the quest for the Orb.
     0 | D:1      | Reached XP level 1. HP: 14/14 MP: 1/1
     0 | D:1      | 0 ||| qw: Version: 0.3-a-40-ge99b1a8
     0 | D:1      | 0 ||| qw: Game counter: 475
     0 | D:1      | 0 ||| qw: Melee chars always use a shield: true
     0 | D:1      | 0 ||| qw: God list: Okawaru
     0 | D:1      | 0 ||| qw: Allow faded altars: false
     0 | D:1      | 0 ||| qw: Do Orc after clearing Dungeon:15 true
     0 | D:1      | 0 ||| qw: Do second Lair branch before Depths: true
     0 | D:1      | 0 ||| qw: Lair rune preference: random
     0 | D:1      | 0 ||| qw: Goals: Normal, Zot:1-4, Slime:5, God:TSO, Crypt,
                  | Tomb, Abyss, Pan, Hells, Win
     0 | D:1      | 0 ||| PLANNING D:1-11
    80 | D:1      | Reached skill level 2 in Axes
   135 | D:1      | 135 ||| Stepping ~*~*~tactically~*~*~ (stealth).
   143 | D:1      | Reached XP level 2. HP: 19/19 MP: 2/2
   419 | D:1      | Reached skill level 3 in Axes
   529 | D:1      | 529 ||| READING scroll labelled ROL SA ROA.
   530 | D:1      | 530 ||| READING 3 scrolls labelled KOBAEN AJYESO.
   531 | D:1      | 531 ||| READING 2 scrolls of identify.
   531 | D:1      | 531 ||| IDENTIFYING fuming emerald potion
   532 | D:1      | 532 ||| DROPPING potion of invisibility.
   593 | D:2      | Reached XP level 3. HP: 23/23 MP: 3/3
   631 | D:2      | Reached skill level 1 in Throwing
  1006 | D:2      | Reached XP level 4. HP: 28/28 MP: 4/4
  1180 | D:2      | 1180 ||| UPGRADING to +0 plate armour.
  1190 | D:2      | 1190 ||| DROPPING +0 scale mail.
  1191 | D:2      | 1191 ||| UPGRADING to ring of willpower.
  1192 | D:2      | 1192 ||| UPGRADING to +6 ring of strength.
  1193 | D:2      | 1193 ||| UPGRADING to ring of protection from cold.
  1195 | D:2      | 1195 ||| READING scroll labelled GILYLEAFRU.
  1196 | D:2      | 1196 ||| READING scroll labelled VYOPHAHADU.
  1297 | D:2      | 1297 ||| READING scroll labelled DIHUIV CANKIXI.
  1298 | D:2      | 1298 ||| DRINKING 2 coppery potions.
  1299 | D:2      | 1299 ||| READING 3 scrolls of identify.
  1299 | D:2      | 1299 ||| IDENTIFYING sedimented puce potion
  1300 | D:2      | 1300 ||| READING 2 scrolls of identify.
  1300 | D:2      | 1300 ||| IDENTIFYING pink potion
  1317 | D:3      | Found a faded altar of an unknown god.
  1326 | D:3      | Identified the +2 cloak "Eqiygh" {rN+ Will- Str+4}
  1342 | D:3      | Noticed a scorpion
  1343 | D:3      | 1343 ||| UPGRADING to +2 cloak "Eqiygh" {rN+ Will- Str+4}.
  1357 | D:3      | Killed a scorpion
  1358 | D:3      | Reached skill level 4 in Axes
  1358 | D:3      | Reached XP level 5. HP: 25/32 MP: 5/5
  1516 | D:3      | 1516 ||| Stepping ~*~*~tactically~*~*~ (hiding).
  1538 | D:3      | 1538 ||| FLEEEEING.
  1539 | D:3      | 1539 ||| FLEEEEING.
  1589 | D:3      | 1589 ||| FLEEEEING.
  1590 | D:3      | 1590 ||| FLEEEEING.
  1591 | D:3      | 1591 ||| FLEEEEING.
  1592 | D:3      | 1592 ||| FLEEEEING.
  1593 | D:3      | 1593 ||| FLEEEEING.
  1594 | D:3      | 1594 ||| FLEEEEING.
  1595 | D:3      | 1595 ||| FLEEEEING.
  1596 | D:3      | 1596 ||| STAIRDANCE
  1644 | D:3      | HP: 8/32 [orc priest/+0 trident (3)]
  1647 | D:3      | Killed from afar by an orc priest

Levels and vault maps discovered:
D:1:      eino_arrival_water_cross, layout_basic
D:2:      layout_loops_cross, amcnicky_mini_corridor_feature, minivault_27,
          minmay_mini_jars
D:3:      layout_basic, basic_ecumenical_altar, kennysheep_another_room,
          feat_on_display, uniq_jessica

Skill      XL: |  1  2  3  4 |
---------------+-------------+-----
Axes           | 2 3 4 |  4.8
Throwing       | 1 |  1.1
Fighting       | |  3.2
Armour         | |  3.2
Shields        | |  3.2

Action                     |  1- 3 |  4- 6 || total
---------------------------+-------+-------++-------
  Melee: War axe           |    67 |    47 ||   114
  Throw: Javelin           |    14 |     6 ||    20
         Boomerang         |       |     3 ||     3
    Use: Scroll            |     3 |     5 ||     8
         Potion            |       |     1 ||     1
 Armour: Scale mail        |    47 |    15 ||    62
         Plate armour      |       |    18 ||    18
  Dodge: Dodged            |    37 |    22 ||    59
  Block: Buckler           |     7 |    12 ||    19

Table legend:
 A = Non-vault XP
 B = Vault XP
 C = Vault XP percentage of total XP
 D = Non-vault monster count
 E = Vault monster count
 F = Vault count percentage of total count
                 A         B        C        D         E       F
            +---------+---------+-------+---------+---------+-------
      Total |     217 |      27 |  11.1 |      37 |      10 |  21.3
            +---------+---------+-------+---------+---------+-------
        D:1 |      32 |       0 |   0.0 |      17 |       0 |   0.0
        D:2 |      32 |      27 |  45.8 |      10 |      10 |  50.0
        D:3 |     153 |       0 |   0.0 |      10 |       0 |   0.0
            +---------+---------+-------+---------+---------+-------
